 Dungeon Crawl Stone Soup version 0.21-a0-203-gb066a6e (webtiles) character file.

50464 alphamax the Warrior (level 14, -2/159 HPs)
             Began as an Ogre Transmuter on Aug 18, 2017.
             Was a High Priest of Okawaru.
             Killed from afar by an orc sorcerer (33 damage)
             ... with a bolt of negative energy
             ... on level 2 of the Orcish Mines on Aug 19, 2017.
             The game lasted 00:59:17 (28997 turns).

alphamax the Warrior (Ogre Transmuter)             Turns: 28997, Time: 00:59:18

Health: -2/159     AC:  2    Str: 17    XL:     14   Next: 55%
Magic:  16/21      EV: 35    Int: 16    God:    Okawaru [*****.]
Gold:   1371       SH:  0    Dex: 20    Spells: 7/22 levels left

rFire    + . .     SeeInvis .     - Unarmed
rCold    . . .     Gourm    .   (shield currently unavailable)
rNeg     . . .     Faith    +   (armour currently unavailable)
rPois    x         Spirit   .   (helmet currently unavailable)
rElec    .         Reflect  .   (cloak currently unavailable)
rCorr    .         Harm     .   (gloves unavailable)
MR       ++...                  (boots unavailable)
Stlth    ++++......             N - amulet of faith
HPRegen  0.36/turn              L - ring "Viv Parr" {MR+ Dex+4 Stlth+}
MPRegen  0.17/turn              h - ring of protection from fire

@: spider-form, heroism, drained
A: unfitting armour
a: End Transformation, Heroism, Finesse, Renounce Religion


You were on level 2 of the Orcish Mines.
You worshipped Okawaru.
Okawaru was extremely pleased with you.
You were not hungry.
You were a venomous arachnid creature.
You visited 4 branches of the dungeon, and saw 19 of its levels.
You also visited: Labyrinth and Sewer.

You collected 1567 gold pieces.
You spent 196 gold pieces at shops.

Inventory:

Missiles
 a - 264 arrows
 k - 2 javelins of penetration (quivered)
 t - a throwing net
Armour
 j - a +2 robe of positive energy (melded)
 C - a scarf of resistance
 G - a +2 cloak (melded)
 O - the +3 robe of Folly {Archmagi, MR-- Int+5}
   (You found it on level 6 of the Lair of Beasts)

   It affects your intelligence (+5).
   It affects your resistance to hostile enchantments.
 S - the +1 hat of the Desert (melded) {rN+ Regen+}
   (Okawaru gifted it to you on level 3 of the Lair of Beasts)

   It protects you from negative energy.
   It increases your rate of regeneration.
Jewellery
 h - a ring of protection from fire (right front leg)
 w - an uncursed ring of ice
 y - an uncursed ring of magical power
 E - an uncursed ring of fire
 H - an uncursed ring of see invisible
 I - an uncursed ring of flight
 L - the ring "Viv Parr" (left front leg) {MR+ Dex+4 Stlth+}
   (You found it on level 7 of the Dungeon)

   [ring of stealth]

   It affects your dexterity (+4).
   It affects your resistance to hostile enchantments.
   It makes you more stealthy.
 M - a +2 amulet of reflection {unknown}
 N - an amulet of faith (around neck)
 Q - an uncursed ring of positive energy
 R - a cursed amulet of inaccuracy {unknown}
 U - a +5 ring of dexterity {unknown}
Wands
 c - a wand of iceblast (6/15)
 n - a wand of acid (12/15)
 B - a wand of scattershot (3/9)
 W - a wand of scattershot (5/9)
 Y - a wand of iceblast (11/15)
Scrolls
 g - 4 scrolls of teleportation
 p - a scroll of fog
 r - a scroll of recharging
 s - 4 scrolls of magic mapping
 v - 4 scrolls of immolation
 z - a scroll of summoning
 A - 7 scrolls of amnesia
 P - 2 scrolls of identify
 T - 4 scrolls of enchant armour
 X - 4 scrolls of remove curse
Potions
 b - a potion of cancellation
 e - 2 potions of mutation
 i - 3 potions of lignification
 x - a potion of resistance
 D - a potion of magic
 J - a potion of haste
 K - 2 potions of ambrosia
 Z - a potion of berserk rage
Miscellaneous
 V - a fan of gales
Comestibles
 d - 2 bread rations
 f - 6 royal jellies
 l - 13 fruits
 m - 8 meat rations
 o - a chunk of flesh


   Skills:
 - Level 15.5(19.5) Fighting
 + Level 10.2(14.4) Dodging
 + Level 12.7(16.8) Unarmed Combat
 - Level 4.8(4.1) Spellcasting
 + Level 8.0(7.3) Transmutations
 + Level 6.6(5.9) Earth Magic
 - Level 3.6(3.0) Poison Magic
 - Level 4.0(3.3) Invocations


You had 7 spell levels left.
You knew the following spells:

 Your Spells              Type           Power        Failure   Level  Hunger
a - Beastly Appendage     Tmut           ####..       4%          1    None
b - Sticks to Snakes      Tmut           ####....     6%          2    ##.....
c - Spider Form           Tmut/Pois      ###.......   17%         3    ###....
d - Poisonous Vapours     Pois/Air       #.....       32%         2    ##.....
e - Passwall              Tmut/Erth      ###.......   7%          2    ##.....
f - Lee's Rapid Deconstr  Erth           ###.......   58%         5    ######.


Dungeon Overview and Level Annotations

Branches:
Dungeon (10/15)            Temple (1/1) D:4            Lair (6/6) D:9
 Shoals (0/4) Lair:2       Spider (0/4) Lair:3        Slime (0/5) Lair:6
    Orc (2/2) D:10            Elf (0/3) Orc:2

Altars:
Ashenzari
Cheibriados
Dithmenos
Elyvilon
Fedhas
Gozag
Hepliaklqana
Kikubaaqudgha
Makhleb
Nemelex Xobeh
Okawaru
Qazlal
Ru
Sif Muna
Trog
Uskayaw
Vehumet
Wu Jian
Xom
Yredelemnul
Zin
The Shining One
Beogh

Shops:
D:5 !   D:6 *   D:8 %   D:10 :

Annotations:
Lair:6 exclusion: oklob plant


Innate Abilities, Weirdness & Mutations

You are too large for most types of armour.
((You have tough skin. (AC +1)))


Message History

Your +2 cloak melds into your body.
The +1 hat of the Desert {rN+ Regen+} melds into your body.
Your +2 robe of positive energy melds into your body.
You feel less protected from negative energy.
Unknown command.
Okay, then.
Unknown command.
Evoke which item? (* to show all) (? for menu, Esc to quit)
Okay, then.
Unknown command.
Evoke which item? (* to show all) (? for menu, Esc to quit)
You have no means to grasp a wand firmly enough.
Unknown command.
You gain the combat prowess of a mighty hero.
The orc sorcerer howls an incantation.
The orc sorcerer's hands start to glow.
Unknown command.
The orc sorcerer points at you and mumbles some strange words.
The bolt of negative energy hits you!
You feel drained.
You die...

#### *## ##..####.##
#....#....#
##..#s...#* ##.#..###
*** ##..o..##
#*,*##.#O#.$.#
*#...#$....#..##
**............(.#
*,...##.#...##.(#####
*#.##,####..(...(§#.##
*
#**...,#(.....§.§...#
***


You could see an orc sorcerer and an ogre.

Vanquished Creatures
  Nessos (Lair:6)
  A minotaur (Lab)
  4 catoblepae
  2 hydras
  Erica (D:9)
  A centaur warrior (Orc:2)
  3 two-headed ogres
  7 death yaks (Lair:6)
  An orc high priest (Orc:1)
  Nergalle (Lair:4)
  Pikel (D:9)
  An orc knight (Orc:1)
  An orc sorcerer (Orc:1)
  3 manticores
  9 elephants
  4 black mambas
  Joseph (D:7)
  14 spiny frogs
  A torpor snail (Lair:6)
  3 komodo dragons
  A rime drake (Lair:2)
  3 trolls
  15 blink frogs
  Prince Ribbit (D:7)
  3 polar bears
  Grinder (D:6)
  4 hippogriffs
  A spriggan (D:8)
  2 wyverns
  41 yaks
  Sigmund (D:4)
  2 basilisks
  A hungry ghost (D:10)
  21 water moccasins
  8 porcupines
  Duvessa (D:5)
  3 ice beasts
  2 sky beasts
  5 black bears
  10 orc warriors
  A phantom (D:6)
  A necrophage (D:8)
  8 ogres
  9 centaurs
  10 wolves
  18 crocodiles
  A big kobold (D:8)
  14 bullfrogs
  A gnoll sergeant (Orc:1)
  Dowan (D:5)
  4 scorpions
  11 wights
  An electric eel (Lair:2)
  A howler monkey (D:5)
  7 crimson imps
  3 hounds
  2 bullfrog skeletons
  A jelly (D:5)
  4 orc priests
  Crazy Yiuf (D:5)
  5 iguanas
  Ijyb (D:5)
  5 orc wizards (D:10)
  11 worker ants
  Natasha (thrice) (D:2)
  A hound zombie (D:7)
  A hound skeleton (D:8)
  16 adders
  3 gnolls (Orc:1)
  A howler monkey skeleton (D:10)
  2 shadow imps
  2 white imps (D:10)
  2 oozes
  An adder skeleton (D:4)
  4 worms
  A dart slug (D:4)
  11 leopard geckos
  39 orcs
  13 bats
  8 giant cockroaches
  12 goblins
  4 hobgoblins
  3 jackals (D:5)
  10 quokkas
  2 ball pythons
  A ball python skeleton (D:4)
  4 frilled lizards
  A giant cockroach zombie (D:6)
  11 kobolds
  2 leopard gecko skeletons (D:5)
  10 rats
475 creatures vanquished.

Vanquished Creatures (others)
  2 slaves
  2 crimson imps (D:10)
  A centaur zombie (D:9)
  An orc priest (D:9)
  A quokka (D:5)
  17 fungi
  8 plants
32 creatures vanquished.

Grand Total: 507 creatures vanquished

Notes
Turn   | Place    | Note
-------+----------+-------------------------------------------
     0 | D:1      | alphamax the Ogre Transmuter began the quest for the Orb.
     0 | D:1      | Reached XP level 1. HP: 19/19 MP: 3/3
    89 | D:1      | Reached XP level 2. HP: 16/28 MP: 2/5
   115 | D:1      | HP: 1/28 [leopard gecko (2)]
   712 | D:1      | Reached skill level 2 in Fighting
   733 | D:1      | Learned a level 2 spell: Sticks to Snakes
   990 | D:1      | Reached XP level 3. HP: 29/35 MP: 4/6
  1778 | D:2      | Learned a level 3 spell: Spider Form
  2190 | D:2      | Noticed Natasha
  2197 | D:2      | Killed Natasha
  2197 | D:2      | Reached XP level 4. HP: 31/44 MP: 3/8
  2528 | D:2      | Noticed Natasha
  2546 | D:2      | Killed Natasha
  2746 | D:2      | Noticed Natasha
  2754 | D:2      | Killed Natasha
  2754 | D:2      | Reached skill level 3 in Fighting
  2754 | D:2      | Reached XP level 5. HP: 32/53 MP: 5/10
  3352 | D:3      | Noticed an enchanted hand axe
  3357 | D:3      | Noticed a dagger
  3454 | D:3      | Found a hide-covered altar of Uskayaw.
  3797 | D:4      | Found a glowing drain.
  3856 | Sewer    | Entered a sewer
  3891 | Sewer    | Noticed a crocodile
  3906 | Sewer    | Killed a crocodile
  3906 | Sewer    | Reached XP level 6. HP: 24/61 MP: 11/11
  4677 | D:4      | Reached skill level 4 in Fighting
  4698 | D:4      | Reached XP level 7. HP: 35/70 MP: 13/13
  4967 | D:4      | Found a staircase to the Ecumenical Temple.
  4992 | Temple   | Entered the Ecumenical Temple
  5239 | Temple   | Became a worshipper of Warmaster Okawaru
  5298 | D:4      | Noticed Sigmund
  5308 | D:4      | Killed Sigmund
  5497 | D:4      | Reached skill level 5 in Transmutations
  5509 | D:4      | Found a shimmering altar of Xom.
  5610 | D:5      | Entered Level 5 of the Dungeon
  5610 | D:5      | Noticed Ijyb
  5621 | D:5      | Killed Ijyb
  5823 | D:5      | Reached skill level 5 in Fighting
  6027 | D:5      | Reached * piety under Okawaru
  6027 | D:5      | Reached XP level 8. HP: 72/80 MP: 15/15
  6056 | D:5      | Noticed Duvessa
  6063 | D:5      | Noticed Dowan
  6076 | D:5      | Killed Duvessa
  6079 | D:5      | HP: 1/83 [Dowan/dagger (4)]
  6083 | D:5      | Killed Dowan
  6261 | D:5      | Reached skill level 6 in Fighting
  6644 | D:5      | Found Ikkicezo's Distillery.
  6654 | D:5      | Bought a potion of might for 56 gold pieces
  6654 | D:5      | Bought a potion of heal wounds for 70 gold pieces
  6654 | D:5      | Bought a potion of berserk rage for 70 gold pieces
  6960 | D:5      | Found a snail-covered altar of Cheibriados.
  6969 | D:5      | Found a white marble altar of Elyvilon.
  7301 | D:5      | Found a runed door.
  7427 | D:5      | Noticed Crazy Yiuf
  7434 | D:5      | Killed Crazy Yiuf
  7968 | D:6      | Reached skill level 5 in Unarmed Combat
  8008 | D:6      | Found a hazy altar of Hepliaklqana.
  8035 | D:6      | Found Rustrosch's General Store.
  8551 | D:6      | Learned a level 2 spell: Poisonous Vapours
  8561 | D:6      | Reached skill level 7 in Fighting
  8605 | D:6      | Noticed Grinder
  8612 | D:6      | Reached ** piety under Okawaru
  8612 | D:6      | Reached skill level 1 in Poison Magic
  8654 | D:5      | Reached XP level 9. HP: 37/93 MP: 16/16
  9108 | D:6      | Paralysed by Grinder for 7 turns
  9170 | D:6      | Killed Grinder
  9201 | D:6      | Reached skill level 8 in Fighting
  9848 | D:7      | Found an ancient bone altar of Kikubaaqudgha.
  9903 | D:7      | Noticed Joseph
  9934 | D:7      | Killed Joseph
 10276 | D:7      | Reached skill level 5 in Dodging
 10646 | D:7      | Noticed Prince Ribbit
 10670 | D:7      | Killed Prince Ribbit
 11061 | D:7      | Reached *** piety under Okawaru
 11061 | D:7      | Reached skill level 9 in Fighting
 11423 | D:7      | Got a clouded copper ring
 11551 | D:8      | Reached XP level 10. HP: 102/107 MP: 17/17
 11873 | D:8      | Noticed a two-headed ogre
 11887 | D:8      | Killed a two-headed ogre
 11901 | D:9      | Found a staircase to the Lair.
 12214 | D:9      | Found a bloodstained altar of Trog.
 12225 | D:9      | Reached skill level 10 in Fighting
 12356 | D:9      | Learned a level 2 spell: Passwall
 12877 | D:9      | Noticed Pikel
 12891 | D:9      | Killed Pikel
 12891 | D:9      | Reached **** piety under Okawaru
 13297 | D:9      | Noticed Erica
 13417 | D:8      | Identified the ring "Viv Parr" {MR+ Dex+4 Stlth+} (You found it on level 7 of the Dungeon)
 13620 | D:8      | Reached skill level 11 in Fighting
 14039 | D:8      | Found a burning altar of Makhleb.
 14104 | D:8      | Found Ynus's Food Shop.
 14105 | D:8      | Noticed a two-headed ogre
 14123 | D:8      | Killed a two-headed ogre
 14123 | D:8      | Reached XP level 11. HP: 116/120 MP: 10/18
 14426 | D:9      | Killed Erica
 14426 | D:9      | Reached ***** piety under Okawaru
 14772 | D:10     | Entered Level 10 of the Dungeon
 14851 | D:10     | Reached skill level 12 in Fighting
 15103 | D:10     | Found a staircase to the Orcish Mines.
 15351 | D:10     | Found Xeaki's Book Shoppe.
 15596 | D:10     | Received a gift from Okawaru
 15958 | D:10     | Noticed a two-headed ogre
 15968 | D:10     | Killed a two-headed ogre
 16128 | Lair:1   | Entered Level 1 of the Lair of Beasts
 16176 | Lair:1   | Reached skill level 13 in Fighting
 17290 | Lair:1   | Received a gift from Okawaru
 17290 | Lair:1   | Reached skill level 10 in Unarmed Combat
 17302 | Lair:1   | Got a slimy robe {god gift}
 17407 | Lair:1   | Reached XP level 12. HP: 37/136 MP: 16/19
 17797 | Lair:1   | Identified the +1 robe "Ycacvuf" {rC- Str+3 Dex+2} (Okawaru gifted it to you on level 1 of the Lair of Beasts)
 17818 | Lair:1   | Identified a scroll of acquirement
 18463 | Lair:2   | Found a staircase to the Shoals.
 18612 | Lair:2   | Reached skill level 14 in Fighting
 19751 | Lair:2   | Upgraded the game from 0.21-a0-201-g8501b10 to 0.21-a0-203-gb066a6e
 19887 | Lair:3   | Found a labyrinth entrance.
 19896 | Lab      | Entered a labyrinth
 20167 | Lab      | Noticed a minotaur
 20185 | Lab      | Killed a minotaur
 20196 | Lab      | Got a wavering wooden ring
 20197 | Lab      | Identified the ring "Boscheiter" {*Tele Dex+4} (You found it in a labyrinth)
 20261 | Lair:3   | Learned a level 5 spell: Lee's Rapid Deconstruction
 20749 | Lair:3   | Noticed a catoblepas
 20750 | Lair:3   | Reached skill level 1 in Earth Magic
 20777 | Lair:3   | Killed a catoblepas
 20777 | Lair:3   | Reached skill level 15 in Fighting
 21469 | Lair:3   | Received a gift from Okawaru
 21474 | Lair:3   | Reached XP level 13. HP: 150/150 MP: 15/20
 21507 | Lair:3   | Got an ancient hat {god gift}
 21513 | Lair:3   | Identified the +1 hat of the Desert {rN+ Regen+} (Okawaru gifted it to you on level 3 of the Lair of Beasts)
 21584 | Lair:3   | Found a hole to the Spider Nest.
 23313 | Lair:4   | Noticed Nergalle
 23326 | Lair:4   | Killed Nergalle
 23767 | Lair:4   | Found the +8 whip "Snakebite" {curare, rPois}
 24598 | Lair:5   | Received a gift from Okawaru
 25797 | Lair:6   | Entered Level 6 of the Lair of Beasts
 25964 | Lair:6   | Reached skill level 5 in Earth Magic
 26155 | Lair:6   | Noticed Nessos
 26179 | Lair:6   | Killed Nessos
 26179 | Lair:6   | Reached ****** piety under Okawaru
 26340 | Lair:6   | Received a gift from Okawaru
 26352 | Lair:6   | Got a brightly glowing robe {god gift}
 26482 | Lair:6   | Identified the +1 robe "Goalus" {rF++} (Okawaru gifted it to you on level 6 of the Lair of Beasts)
 26551 | Lair:6   | Reached XP level 14. HP: 135/159 MP: 15/21
 27184 | Lair:6   | Found the +3 robe of Folly {Archmagi, MR-- Int+5}
 27688 | Lair:6   | Found a staircase to the Slime Pits.
 27848 | Lair:6   | Reached skill level 10 in Dodging
 28588 | Orc:1    | Entered Level 1 of the Orcish Mines
 28842 | Orc:1    | Found a roughly hewn altar of Beogh.
 28931 | Orc:2    | Entered Level 2 of the Orcish Mines
 28965 | Orc:2    | Received a gift from Okawaru
 28997 | Orc:2    | Killed from afar by an orc sorcerer

Vault maps used:
D:1:      dpeg_arrival_connections, minmay_liquid_box, minmay_octomino_c4
D:2:      first_bread, grunt_decor_cap, uniq_natasha
D:3:      dancing_weapons_uskayaw
D:4:      minmay_temple_entry_statues_fountains, portal_sewer_entry_a, tgw_xom,
          uniq_sigmund
D:5:      elyvilon_altar_4, kennysheep_mini, serial_shops,
          nicolae_shop_window_shopping, corner_web_ring, uniq_duvessa,
          uniq_ijyb, uniq_crazy_yiuf_cottage
D:6:      lemuel_doored_altar, serial_shops, shop_fountains, uniq_grinder
D:7:      lemuel_round_altar, uniq_prince_ribbit1, uniq_joseph
D:8:      makhleb_blood_cavern_becter, serial_shops, shop, serial_glass,
          glass_columns_a, glass_columns_a, minmay_strange_pillars,
          feat_on_display, item_on_display_a, minmay_strange_pillars, the_bakery
D:9:      trog_ov_bears_minmay, lair_entry_dummy, uniq_erica, uniq_pikel
D:10:     minmay_opposing_rooms, david_orc_4, serial_shops, shop,
          minmay_nine_imps
Temple:   regret_index_temple_generic_petals
Lair:1:   grunt_megastairs_2
Lair:2:   minmay_shoals_entry_beasts, serial_bayou_shore_b,
          infiniplex_staircase_pool
Lair:3:   nicolae_spider_entry_non_spiders, lab_entry_generic,
          beast_lair_carwin_3
Lair:4:   minmay_guarded_unrand_snakebite, uniq_nergalle
Lair:5:   serial_bayou_shore_a, grunt_megastairs_4, lemuel_fruit_tree
Lair:6:   evilmike_catoblepas_cave, slime_dummy, uniq_nessos
Orc:1:    basic_altar
Orc:2:    st_orc_rangers
Lab:      labyrinth_mini_lab
Sewer:    sewer_big_baddie

Skill      XL: |  1  2  3  4  5  6  7  8  9 10 11 12 13 14 |
---------------+-------------------------------------------+-----
Transmutations | 2 3 4 5 7 8 |  8.0
Fighting       | 2 3 4 5 7 9 11 13 15 | 15.5
Unarmed Combat | 3 4 5 6 8 10 11 12 | 12.7
Spellcasting   | 3 4 |  4.8
Dodging        | 3 5 7 9 10 | 10.2
Poison Magic   | 1 3 |  3.6
Invocations    | 2 4 |  4.0
Earth Magic    | 2 5 6 |  6.6

Action                   |  1- 3 |  4- 6 |  7- 9 | 10-12 | 13-15 || total
-------------------------+-------+-------+-------+-------+-------++-------
Melee: Unarmed           |   142 |   145 |   304 |   549 |   532 ||  1672
       Headbutt          |     6 |       |       |       |       ||     6
       Punch             |     1 |       |     2 |     1 |       ||     4
       Kick              |     3 |       |       |       |       ||     3
 Cast: Beastly Appendage |    14 |       |       |       |       ||    14
       Spider Form       |     2 |    16 |    41 |    82 |    62 ||   203
       Poisonous Vapours |       |       |     2 |    17 |       ||    19
       Sticks to Snakes  |       |       |       |       |     1 ||     1
Invok: Heroism           |       |       |     7 |    31 |    29 ||    67
       Finesse           |       |       |       |     1 |     2 ||     3
Evoke: Wand              |       |       |       |       |     2 ||     2
  Use: Potion            |     1 |       |    11 |     3 |     6 ||    21
       Scroll            |       |    16 |     3 |    11 |    10 ||    40
 Stab: Sleeping          |       |       |     1 |     2 |     8 ||    11
       Distracted        |       |       |       |     1 |     2 ||     3
       Petrified         |       |       |       |     1 |       ||     1
  Eat: Chunk             |     4 |     8 |    15 |    18 |    18 ||    63
       Bread ration      |       |     1 |     2 |     5 |     2 ||    10
       Royal jelly       |       |       |       |       |     1 ||     1
Armor: Robe              |    43 |    23 |    22 |    10 |       ||    98
       Skin              |       |     7 |    13 |     6 |     3 ||    29
Dodge: Dodged            |    74 |   109 |   266 |   503 |   488 ||  1440
